Map: Ulrena

Players

capac - Winner!

  • Race: Terran Terran
  • League: Gold

Murray

  • Race: Zerg Zerg
  • League: Gold

VOD

Have the link to the VOD?

Description

Time

  • Played on: April 17, 2016, 12:05 p.m.
  • Length: 34:39
Show
View Real Time Build Order
Export as new Build Order

capac Terran - Winner!

Build Orders: Reaper Expand, MMM Bio 

Get SALT Encoding   

  12  0:00  SCV  
  13  0:12  SCV  
  14  0:18  Supply Depot  
  14  0:24  SCV  
  15  0:39  SCV  
  15  0:41  Barracks  
  16  0:45  Refinery  
  16  0:51  SCV  
  17  1:03  SCV  
  18  1:19  SCV  
  19  1:37  Command Center  
  19  1:38  Reaper  
  19  1:39  SCV  
  20  1:49  Supply Depot  
  20  1:57  Orbital Command  
  20  2:17  Barracks  
  20  2:22  Barracks Reactor  
  20  2:23  SCV  
  21  2:35  SCV  
  21  2:37  Refinery  
  21  2:42  Factory  
  21  2:47  SCV  
  21  2:50  SCV  
  23  3:04  SCV  
  23  3:05  SCV  
  25  3:06  Barracks Tech Lab  
  25  3:07  Marine x2  
  25  3:11  Barracks  
  27  3:16  SCV  
  27  3:19  Orbital Command  
  28  3:26  Factory Reactor  
  28  3:29  Marine x2  
  28  3:33  Marine  
  30  3:47  Marine x2  
  32  3:51  Marine  
  33  3:58  SCV x2  
  33  4:01  Bunker  
  35  4:04  Stimpack  
  35  4:10  Starport  
  35  4:14  Factory Tech Lab  
  35  4:22  Marine x3  
  35  4:23  Marine  
  39  4:40  Factory Tech Lab  
  39  4:51  Orbital Command  
  33  5:00  Barracks Reactor  
  33  5:03  Supply Depot  
  33  5:11  Supply Depot  
  33  5:18  Supply Depot  
  33  5:21  Starport Reactor  
  33  5:24  Siege Tank  
  36  5:29  Barracks  
  36  5:31  Marine x2  
  32  5:43  Marine  
  32  5:44  Marine  
  32  5:48  Marine  
  34  6:06  Marine  
  34  6:07  Marine x2  
  37  6:12  Marine  
  37  6:14  Medivac  
  40  6:24  Marine  
  41  6:28  Marine x2  
  41  6:31  Marauder  
  45  6:35  Medivac  
  47  6:42  Marine  
  48  6:48  Supply Depot  
  48  6:56  Marine x2  
  48  6:57  Marine  
  48  6:59  Barracks Reactor  
  48  7:00  Orbital Command  
  49  7:42  Marine x2  
  49  7:43  Marine x3  
  56  7:44  Marauder  
  56  7:48  SCV x2  
  58  7:53  Siege Tank  
  58  7:57  Marine  
  62  8:01  Supply Depot  
  62  8:04  Supply Depot  
  62  8:08  Liberator x2  
  62  8:14  Supply Depot  
  62  8:22  Marine x5, SCV x2  
  75  8:29  Marine x2  
  77  8:36  Siege Tank  
  77  8:37  SCV x2  
  82  8:43  Supply Depot, Command Center  
  82  8:45  Marine  
  82  8:46  Marine x3  
  86  8:50  Combat Shields  
  86  8:52  Supply Depot  
  86  8:54  Supply Depot  
  86  8:55  Liberator  
  86  8:56  Liberator  
  86  9:04  Marine, SCV  
  86  9:05  SCV  
  95  9:31  Marine x4  
  95  9:32  Marine x2  
  95  9:35  Supply Depot  
  95  9:36  Supply Depot  
  101  9:55  Medivac  
  101  9:56  Medivac  
  72  10:33  SCV x2  
  74  10:45  SCV x2  
  76  10:52  Supply Depot  
  76  10:57  SCV  
  76  10:58  SCV  
  76  11:00  Siege Tank  
  81  11:10  SCV x2  
  79  11:22  SCV x2  
  79  11:39  Marine  
  79  11:40  Marine x5  
  85  11:57  Marine  
  86  12:07  Marine x5  
  91  12:09  Siege Tank  
  93  12:20  Marine  
  93  12:24  Marine  
  93  12:25  Marine x2  
  93  12:27  Marine x2  
  72  12:38  Marine  
  72  12:42  Marine x2  
  69  12:46  Marine x3  
  72  12:57  Barracks  
  72  13:00  SCV x2  
  71  13:12  SCV  
  72  13:13  Marine x4  
  76  13:20  Marine  
  76  13:21  Marine  
  78  13:32  SCV x3  
  81  13:39  Marine  
  81  13:40  Marine x5  
  87  13:44  SCV x2  
  87  13:45  SCV  
  87  13:47  Refinery x2, Marine  
  91  13:49  Barracks  
  91  13:56  SCV  
  91  13:57  Marine x2, SCV  
  95  14:17  SCV x2  
  96  14:20  Orbital Command  
  96  14:23  Refinery  
  97  14:25  Refinery  
  97  14:29  SCV x2  
  99  14:31  Marine x4  
  99  14:32  Marine x2  
  99  14:33  Marauder  
  107  14:40  Barracks Tech Lab  
  107  14:41  SCV x2  
  109  15:02  Cyclone  
  112  15:11  Marine  
  112  15:12  Marine  
  112  15:13  Marine x5  
  119  15:29  Liberator x2  
  119  15:33  Marine x6  
  119  15:34  Marauder, Marine  
  128  15:39  Siege Tank  
  131  15:45  Engineering Bay  
  131  15:47  Engineering Bay  
  137  15:50  Marine  
  137  15:51  Marine x3  
  141  16:10  Starport  
  141  16:12  Refinery  
  141  16:13  Refinery  
  141  16:51  Starport Tech Lab  
  141  16:54  Starport  
  141  17:00  Supply Depot  
  141  17:01  Supply Depot  
  141  17:05  Liberator  
  141  17:21  Marine x4, Siege Tank, SCV  
  149  17:22  Marine x3  
  149  17:23  SCV x2  
  149  17:28  Concussive Shells  
  157  17:31  High Capacity Fuel Tanks  
  157  17:41  Starport Reactor  
  157  18:40  Supply Depot  
  157  18:42  Supply Depot  
  157  18:45  Liberator x2  
  157  18:47  Liberator x2  
  157  19:02  Marine, SCV  
  165  19:03  Marine x5, Siege Tank  
  165  19:04  Marine x2, Raven  
  183  19:20  Marine  
  183  19:21  Marine x3  
  183  19:23  Marine  
  183  19:24  Marine  
  189  19:44  Liberator  
  189  19:48  Liberator  
  189  19:49  Liberator  
  189  19:51  Liberator  
  189  20:02  Marine  
  189  20:03  Marine x2  
  179  20:49  Raven  
  181  21:09  Siege Tank  
  181  21:11  Medivac x2  
  188  22:32  Medivac x2  
  189  22:54  Marine x3  
  189  22:56  Marine x3  
  189  23:29  Marine  
  189  23:30  Marauder  
  189  23:34  Marine  
  189  23:35  Marauder  
  186  23:51  Marauder  
  155  26:20  Liberator x3  
  155  26:21  Liberator, Command Center  
  155  26:39  Medivac  
  169  26:46  Command Center  
  169  26:48  Command Center  
  166  27:09  Medivac  
  128  27:37  Liberator x3  
  128  27:38  Liberator  
  98  28:29  Marine  
  98  28:30  Marine x4  
  103  28:47  Marine x3  
  103  28:48  Marine x2  
  106  29:05  Marine x4  
  106  29:06  Marine  
  108  29:23  Marine x5  
  113  29:27  Liberator x5  
  110  29:41  Marine x5  
  130  29:58  Marine  
  130  29:59  Marine x4  
  132  30:10  Liberator  
  132  30:13  Liberator  
  129  30:16  Marine  
  129  30:19  Barracks Reactor  
  130  30:21  Barracks Reactor  
  130  30:25  Terran Infantry Weapons Level 1  
  130  30:26  Terran Infantry Armor Level 1  
  130  30:27  Barracks  
  133  30:33  Refinery  
  133  30:34  Refinery, Liberator x3  
  133  30:35  Orbital Command  
  113  31:51  Marine x2  
  113  31:52  Marine x4  
  119  31:54  Liberator x3  
  119  32:00  Planetary Fortress  
  119  32:12  Marine x2  
  119  32:13  Marine x4  
  119  32:14  Marine  
  135  32:16  Barracks Reactor  
  135  32:17  Marine x2  
  137  32:30  Marine  
Show
View Real Time Build Order
Export as new Build Order

Murray Zerg 

Build Orders: Pool First, Zergling Baneling 

Get SALT Encoding   

  12  0:01  Drone  
  13  0:08  Drone  
  14  0:27  Spawning Pool  
  13  0:35  Overlord  
  13  0:37  Drone  
  14  0:44  Extractor  
  14  0:45  Drone  
  14  0:53  Drone  
  15  0:58  Drone  
  16  1:10  Drone  
  17  1:13  Queen  
  17  1:18  Zergling x2  
  20  1:29  Zergling x2  
  21  1:50  Hatchery, Metabolic Boost  
  20  1:54  Zergling x2  
  21  2:02  Zergling x2  
  21  2:05  Overlord  
  22  2:35  Zergling x8  
  26  2:43  Zergling x2  
  27  2:48  Zergling x2  
  28  2:59  Spore Crawler  
  28  3:01  Zergling x2  
  28  3:06  Baneling Nest  
  28  3:07  Zergling x6  
  28  3:08  Zergling x2  
  31  3:13  Queen  
  33  3:26  Drone  
  34  3:28  Drone  
  35  3:42  Overlord  
  35  3:45  Drone  
  36  3:58  Overlord  
  36  4:01  Drone  
  36  4:02  Drone  
  38  4:03  Drone  
  38  4:06  Drone  
  40  4:10  Baneling  
  40  4:11  Baneling  
  40  4:12  Baneling  
  40  4:16  Drone  
  41  4:23  Drone  
  41  4:24  Drone  
  43  4:30  Baneling x3  
  43  4:31  Baneling x2  
  43  4:33  Zergling x2  
  44  4:40  Drone x3  
  40  4:59  Zergling x8  
  39  5:00  Zergling x4  
  39  5:10  Zergling x12  
  45  5:16  Baneling x2  
  45  5:20  Zergling x4  
  47  5:24  Zergling x2  
  48  5:32  Zergling x4  
  48  5:33  Zergling x2, Overlord  
  50  5:44  Hatchery  
  40  6:13  Zergling x2  
  40  6:14  Zergling x10  
  40  6:18  Extractor  
  45  6:20  Extractor  
  45  6:22  Overlord  
  45  6:23  Drone x4  
  48  6:31  Extractor  
  48  6:32  Drone  
  48  6:35  Drone x2  
  50  6:51  Drone x4  
  54  6:58  Spore Crawler  
  52  7:14  Drone x5  
  56  7:16  Queen  
  56  7:17  Drone x2  
  56  7:18  Lair  
  57  7:26  Evolution Chamber  
  51  7:30  Evolution Chamber  
  44  7:37  Zergling x8  
  44  7:38  Zergling x10  
  53  7:44  Zergling x6  
  53  7:50  Zergling x8  
  60  7:52  Zerg Melee Weapons Level 1  
  60  7:58  Zergling x4  
  60  7:59  Zergling x8  
  66  8:09  Overlord  
  66  8:17  Overlord  
  66  8:24  Zerg Ground Armor Level 1  
  66  8:29  Hydralisk Den  
  66  8:33  Nydus Network  
  64  8:36  Overlord, Zergling x4  
  64  8:37  Zergling x8  
  70  8:43  Baneling x6  
  70  8:50  Centrifical Hooks  
  70  8:54  Drone  
  70  8:55  Drone  
  72  8:57  Drone  
  73  9:03  Drone  
  74  9:10  Baneling x6  
  74  9:11  Baneling x5  
  74  9:14  Overseer  
  74  9:21  Drone x4  
  78  9:27  Drone x3  
  81  9:32  Overlord  
  81  9:46  Nydus Canal  
  81  9:50  Hydralisk x3  
  81  9:51  Hydralisk x2  
  91  9:54  Overlord  
  70  10:29  Zerg Missile Weapons Level 1  
  70  10:31  Hydralisk x6  
  70  10:32  Hydralisk x4  
  83  10:38  Zergling x8  
  87  10:50  Spore Crawler  
  87  10:52  Spore Crawler  
  87  10:54  Zergling x14  
  92  10:58  Muscular Augments  
  92  11:04  Spore Crawler  
  92  11:10  Zerg Ground Armor Level 2  
  76  11:22  Zergling x2  
  76  11:23  Zergling x14  
  76  11:24  Zergling x2  
  79  11:31  Zergling x6  
  79  11:32  Zergling x4  
  81  11:43  Baneling x5  
  81  11:45  Baneling x3  
  81  11:46  Baneling x2  
  73  11:54  Nydus Canal  
  72  12:01  Zergling x2  
  72  12:02  Zergling x4  
  72  12:03  Hydralisk x4  
  78  12:25  Hydralisk x2  
  78  12:26  Hydralisk x3  
  78  12:43  Hydralisk x2  
  78  12:44  Hydralisk x3  
  52  13:07  Hydralisk x3  
  52  13:08  Hydralisk x2  
  60  13:25  Lurker Den  
  58  13:32  Hydralisk x2  
  61  13:46  Hydralisk x4  
  69  13:52  Overseer  
  69  14:00  Hydralisk  
  69  14:01  Hydralisk  
  73  14:26  Nydus Canal  
  73  14:30  Hydralisk x5  
  83  14:48  Hatchery  
  83  14:51  Spore Crawler  
  81  14:52  Extractor  
  81  14:53  Extractor  
  81  14:58  Lurker x2  
  81  15:02  Lurker  
  82  15:25  Overlord  
  82  15:38  Spore Crawler  
  81  15:42  Spore Crawler  
  81  15:46  Drone  
  81  15:47  Drone x5  
  86  15:54  Lurker  
  86  15:55  Lurker  
  88  16:01  Drone  
  89  16:14  Drone  
  90  16:19  Zerg Missile Weapons Level 2  
  90  16:21  Zerg Melee Weapons Level 2  
  90  16:24  Drone  
  91  16:28  Queen  
  93  16:37  Queen  
  93  16:39  Drone  
  96  17:03  Overlord  
  96  17:04  Hydralisk  
  98  17:27  Nydus Canal  
  98  17:38  Zergling x14  
  98  17:39  Zergling x2  
  98  17:40  Overlord x2  
  98  17:41  Overlord x2  
  106  18:01  Drone  
  106  18:02  Spore Crawler  
  106  18:07  Hatchery  
  106  18:11  Extractor  
  104  18:12  Overlord  
  104  18:13  Zergling x8, Extractor  
  104  18:14  Zergling x2  
  106  18:44  Drone x2  
  108  18:52  Spine Crawler  
  108  18:55  Spine Crawler  
  106  18:58  Spine Crawler  
  106  18:59  Spine Crawler  
  106  19:00  Drone x2  
  106  19:01  Drone, Spore Crawler  
  106  19:13  Infestation Pit  
  105  19:17  Spore Crawler  
  105  19:20  Drone x2  
  105  19:23  Drone x2  
  108  19:26  Drone  
  108  19:30  Queen  
  98  20:18  Spore Crawler  
  98  20:19  Spore Crawler  
  98  20:21  Spine Crawler  
  95  20:27  Spore Crawler  
  94  20:33  Drone  
  94  20:34  Drone x2  
  97  20:36  Hydralisk x5  
  97  20:37  Hydralisk x4  
  97  20:39  Baneling x2  
  97  20:40  Baneling x3  
  97  20:41  Baneling  
  112  21:16  Spire  
  111  21:24  Hydralisk x3  
  111  21:25  Hydralisk x6  
  115  21:26  Hydralisk  
  119  21:49  Baneling x3  
  119  21:50  Baneling x7  
  119  21:51  Baneling x2  
  119  21:58  Hydralisk x3  
  131  22:08  Hive  
  125  22:30  Corruptor x3  
  125  22:31  Corruptor x2  
  125  22:36  Corruptor  
  137  22:38  Overlord x4  
  137  22:58  Hydralisk x5  
  133  23:19  Corruptor x3  
  127  23:42  Hydralisk x3  
  133  23:56  Spore Crawler  
  132  24:03  Spore Crawler  
  132  24:08  Spore Crawler  
  130  24:11  Zerg Flyer Weapons Level 1  
  130  24:13  Mutalisk x4  
  138  24:18  Hatchery  
  137  24:54  Hydralisk, Mutalisk x3  
  137  24:55  Mutalisk  
  147  25:01  Zerg Missile Weapons Level 3  
  147  25:02  Zerg Ground Armor Level 3  
  147  25:03  Hydralisk  
  149  25:44  Nydus Canal  
  149  25:57  Hydralisk x3  
  149  25:58  Hydralisk x4  
  155  26:25  Drone  
  155  26:26  Drone x2  
  158  26:41  Hatchery  
  157  27:03  Lurker x4  
  161  27:11  Hydralisk x6  
  84  27:35  Hydralisk x5  
  68  28:12  Zergling x6  
  64  28:13  Zergling x10  
  68  28:30  Hydralisk x3  
  74  28:35  Baneling x4  
  74  28:36  Baneling x6  
  74  28:42  Drone  
  71  29:02  Hydralisk x3  
  77  29:23  Hydralisk x3  
  81  29:25  Drone  
  81  29:27  Drone  
  50  29:52  Nydus Canal  
  50  30:21  Drone x2  
  49  31:00  Hydralisk  
  49  31:01  Hydralisk x3  
  31  31:47  Hydralisk x3  
  31  31:48  Lurker  
  31  31:49  Lurker x3  
  41  31:54  Drone  
  41  31:58  Drone  
  43  32:13  Drone x3  
  43  32:15  Drone  
Tags
 
Add a new tag
Caveats
  • Supply blocks, unpowered buildings, or Contaminate may cause inaccurate times.
  • Supply counts are checked every 10 seconds.